 Dungeon Crawl Stone Soup version 0.29.0-4-gdea44cf6ec (webtiles) character file.

Game seed: 11987465862639431279

1890 qw the Cleaver (level 8, -2/63 (64) HPs)
             Began as a Demonspawn Cinder Acolyte on Sept 8, 2022.
             Was a Priest of Ignis.
             Slain by a wight
             ... wielding a +0 halberd
              (7 damage)
             ... on level 6 of the Dungeon.
             The game lasted 00:02:09 (6170 turns).

qw the Cleaver (Demonspawn Cinder Acolyte)          Turns: 6170, Time: 00:02:09

HP:   -2/63 (64)    AC: 16    Str: 24    XL:     8   Next: 92%
MP:   9/9           EV:  8    Int: 15    God:    Ignis [***...]
Gold: 140           SH:  0    Dex:  8    Spells: 9/9 levels left

rFire   + . .      SeeInvis .   i - +0 war axe
rCold   . . .      Faith    .   (no shield)
rNeg    . . .      Spirit   .   c - +0 chain mail
rPois   .          Reflect  .   (no helmet)
rElec   .          Harm     .   (no cloak)
rCorr   .          Rampage  .   (no gloves)
Will    +....                   (no boots)
Stlth   ..........              (no amulet)
HPRegen 2.20/turn               f - +6 ring of strength
MPRegen 0.11/turn               e - ring of willpower

@: fiery-armoured, lightly drained
A: powered by death 2, spiny 1
a: Renounce Religion, Fiery Armour, Foxfire Swarm, Rising Flame


You were on level 6 of the Dungeon.
You worshipped Ignis.
Ignis was most pleased with you.
You visited 1 branch of the dungeon, and saw 6 of its levels.

You collected 241 gold pieces.
You spent 101 gold pieces at shops.


Innate Abilities, Weirdness & Mutations

You regenerate health from kills.
You are partially covered in sharp spines.


   Skills:
 - Level 6.0 Fighting
 + Level 9.1 Axes
 - Level 3.3 Armour
 - Level 1.1 Dodging
 - Level 1.0 Spellcasting
 - Level 2.6 Fire Magic


You had 9 spell levels left.
You didn't know any spells.
Your spell library contained the following spells:

 Spells                   Type           Power      Damage    Failure   Level
 Scorch                   Fire           16%        2d6       65%         2

Inventory:

Hand Weapons
 i - a +0 war axe (weapon)
 Y - a -1 hand axe of flaming
Armour
 c - a +0 chain mail (worn)
Jewellery
 e - a ring of willpower (right hand)
 f - a +6 ring of strength (left hand)
 h - a ring of poison resistance
 k - a ring of ice
Scrolls
 a - 3 scrolls of identify
 j - a scroll of enchant armour
Potions
 b - 2 potions of curing
 d - a potion of haste
 g - a potion of mutation

Dungeon Overview and Level Annotations

Branches:
Dungeon (6/15)             Temple (0/1) D:4

Altars:
Fedhas
Gozag
Ru
Uskayaw
Xom

Shops:
D:5 (

Annotations:
D:5 3 runed translucent doors, qw's ghost, novice MiFi


Message History

You hit the water moccasin but do no damage.
The water moccasin is heavily wounded.
You feel very sick.
The water moccasin is struck by your spines.
The water moccasin bites you but does no damage.
The water moccasin is struck by your spines.
The water moccasin barely misses you.
You hit the water moccasin.
You kill the water moccasin!
You feel very sick.
Your life force feels restored.
Your Armour skill increases to level 3!
You start resting.
You feel sick. x8
You are no longer poisoned.
HP restored.
You see here a wand of charming (14).
Found a short sword. 3 wights come into view.
A wight is wielding a +4 halberd of freezing.
A wight is wielding a +3 flail of freezing.
You hit the wight.
The wight is moderately damaged.
You closely miss the wight.
The wight is moderately damaged.
The wight hits you from afar with a +4 halberd of freezing.
The wight freezes you.
The wight hits you with a +3 flail of freezing.
The wight freezes you.
You slice the wight!!
You destroy the wight!
The wight hits you from afar with a +4 halberd of freezing!
The wight freezes you.
The wight hits you from afar with a +0 halberd!
The wight hits you from afar with a +0 halberd.
The wight hits you from afar with a +4 halberd of freezing!
You feel drained. The wight freezes you.
6170 ||| INVOKING Fiery Armour.
A protective cloak of flame settles atop you.
The wight hits you from afar with a +0 halberd!
You die...

#............##
###..............
#
#..............#.
#.
#..............##
#..
#...#######....#
#... #...# #....#
..... #...#
#....##
......##...#
#......
.....z.@...#
#......
.......).###
#####..
.....z...# #.?
........)# #..
.........#
#####..
######?..#
#...... #...#
#...... #....
#...... #......


You could see 2 wights.

Vanquished Creatures
  Pikel (D:5)
  A water moccasin (D:6)
  2 black bears
  4 lemures (D:5)
  A necrophage (D:5)
  2 scorpions (D:4)
  2 bullfrogs (D:6)
  5 wights (D:6)
  A howler monkey (D:5)
  2 jellies
  An orc priest (D:5)
  4 hounds
  An iguana (D:5)
  2 orc wizards (D:5)
  3 gnolls (D:5)
  A river rat (D:4)
  12 adders
  2 white imps (D:6)
  An ufetubus (D:5)
  5 worms
  3 dart slugs
  10 orcs
  13 ball pythons
  8 endoplasms
  3 giant cockroaches
  6 goblins
  5 hobgoblins
  4 jackals (D:5)
  6 quokkas
  4 bats
  3 frilled lizards
  6 kobolds
  10 rats
134 creatures vanquished.

Notes
Turn   | Place    | Note
-------+----------+-------------------------------------------
     0 | D:1      | qw the Demonspawn Cinder Acolyte began the quest for the
                  | Orb.
     0 | D:1      | Reached XP level 1. HP: 18/18 MP: 2/2
     0 | D:1      | 0 ||| qw: Version: 0.1-a-111-g1c1fd2e
     0 | D:1      | 0 ||| qw: Game counter: 6614
     0 | D:1      | 0 ||| qw: Always use a shield: true
     0 | D:1      | 0 ||| qw: God list: Okawaru
     0 | D:1      | 0 ||| qw: Allow faded altars: false
     0 | D:1      | 0 ||| qw: Do Orc after D:15 true
     0 | D:1      | 0 ||| qw: Do second Lair branch before Depths: true
     0 | D:1      | 0 ||| qw: Lair rune preference: random
     0 | D:1      | 0 ||| qw: Plans: Normal
     0 | D:1      | 0 ||| PLANNING D:1-11
    74 | D:1      | Reached skill level 3 in Axes
   233 | D:1      | Gained mutation: You are partially covered in sharp spines.
                  | [demonic ancestry]
   233 | D:1      | Reached XP level 2. HP: 18/24 MP: 3/3
   389 | D:1      | Found a faded altar of an unknown god.
   913 | D:1      | 913 ||| UPGRADING to +0 leather armour.
   923 | D:1      | 923 ||| DROPPING +0 robe.
   924 | D:1      | 924 ||| UPGRADING to +6 ring of strength.
   925 | D:1      | 925 ||| READING 2 scrolls labelled ZYULOO HIOJYEH.
   926 | D:1      | 926 ||| READING scroll labelled HALA LYODYFOQYTURI.
   927 | D:1      | 927 ||| READING scroll labelled SUEREAT ED YWAG.
   928 | D:1      | 928 ||| READING 3 scrolls labelled BOV COPSIRIKEY.
   929 | D:1      | 929 ||| READING scroll labelled ROTWORA PENUA.
   930 | D:1      | 930 ||| DROPPING scroll of noise.
   931 | D:1      | 931 ||| DROPPING 2 scrolls of vulnerability.
  1058 | D:2      | 1058 ||| INVOKING Fiery Armour.
  1058 | D:2      | HP: 6/24 [worm (3)]
  1291 | D:2      | Gained mutation: You regenerate a little health from kills.
                  | [demonic ancestry]
  1291 | D:2      | Reached XP level 3. HP: 23/29 MP: 4/4
  1447 | D:2      | Reached skill level 4 in Axes
  1482 | D:2      | Reached skill level 1 in Dodging
  1643 | D:2      | 1643 ||| FLEEEEING.
  1653 | D:2      | Reached XP level 4. HP: 26/35 MP: 5/5
  1798 | D:2      | 1798 ||| DRINKING 2 black potions.
  2531 | D:3      | Found a sacrificial altar of Ru.
  2856 | D:3      | Reached skill level 5 in Axes
  2856 | D:3      | Reached XP level 5. HP: 41/41 MP: 6/6
  2865 | D:3      | 2865 ||| UPGRADING to ring of willpower.
  2866 | D:3      | 2866 ||| DROPPING ring of magical power.
  2867 | D:3      | 2867 ||| READING 3 scrolls labelled UPNEUD TURGH.
  2868 | D:3      | 2868 ||| READING scroll labelled OJULAEL LAILOXT.
  2869 | D:3      | 2869 ||| READING 6 scrolls of identify.
  2869 | D:3      | 2869 ||| IDENTIFYING golden potion
  2870 | D:3      | 2870 ||| DROPPING 2 scrolls of blinking.
  2871 | D:3      | 2871 ||| DROPPING potion of invisibility.
  2893 | D:4      | 2893 ||| PLANNING SEWER
  2905 | D:4      | 2905 ||| Stepping ~*~*~tactically~*~*~ (stealth).
  2912 | D:4      | Found a shimmering altar of Xom.
  2972 | D:4      | 2972 ||| FLEEEEING.
  2974 | D:4      | 2974 ||| Stepping ~*~*~tactically~*~*~ (stealth).
  2986 | D:4      | 2986 ||| INVOKING Fiery Armour.
  2986 | D:4      | HP: 5/41 [acid (7)]
  3246 | D:4      | 3246 ||| FLEEEEING.
  3247 | D:4      | 3247 ||| FLEEEEING.
  3248 | D:4      | 3248 ||| FLEEEEING.
  3466 | D:4      | Found a blossoming altar of Fedhas.
  3593 | D:4      | 3593 ||| RIP SEWER
  3594 | D:4      | 3594 ||| PLANNING D:1-11
  3614 | D:4      | 3614 ||| Stepping ~*~*~tactically~*~*~ (stealth).
  3618 | D:4      | 3618 ||| Stepping ~*~*~tactically~*~*~ (stealth).
  3641 | D:4      | 3641 ||| Stepping ~*~*~tactically~*~*~ (stealth).
  3650 | D:4      | Reached skill level 6 in Axes
  3650 | D:4      | Gained mutation: You regenerate health from kills. [demonic
                  | ancestry]
  3650 | D:4      | Reached XP level 6. HP: 41/47 MP: 7/7
  3965 | D:4      | Found a staircase to the Ecumenical Temple.
  4379 | D:4      | 4379 ||| READING 3 scrolls labelled NAATEO PIENK.
  4380 | D:4      | 4380 ||| DRINKING 3 green potions.
  4381 | D:4      | 4381 ||| DRINKING 2 silvery potions.
  4382 | D:4      | 4382 ||| READING 6 scrolls of identify.
  4382 | D:4      | 4382 ||| IDENTIFYING purple potion
  4383 | D:4      | 4383 ||| READING 5 scrolls of identify.
  4383 | D:4      | 4383 ||| IDENTIFYING fizzy clear potion
  4384 | D:4      | 4384 ||| DROPPING 2 scrolls of magic mapping.
  4385 | D:4      | 4385 ||| DROPPING potion of degeneration.
  4386 | D:4      | 4386 ||| DROPPING potion of magic.
  4421 | D:5      | Entered Level 5 of the Dungeon
  4421 | D:5      | Found an opulent altar of Gozag.
  4428 | D:5      | Reached XP level 7. HP: 54/54 MP: 8/8
  4456 | D:5      | Found a hide-covered altar of Uskayaw.
  4459 | D:5      | Noticed a +0 dagger
  4459 | D:5      | Noticed a +0 dagger
  4502 | D:5      | 4502 ||| Stepping ~*~*~tactically~*~*~ (stealth).
  4503 | D:5      | 4503 ||| INVOKING Fiery Armour.
  4527 | D:5      | Noticed Pikel
  4528 | D:5      | 4528 ||| FLEEEEING.
  4532 | D:5      | 4532 ||| STAIRDANCE
  4667 | D:4      | 4667 ||| UPGRADING to +0 chain mail.
  4677 | D:4      | 4677 ||| DROPPING +0 leather armour.
  4678 | D:4      | 4678 ||| READING scroll labelled LUINYRCH ISHUG.
  4685 | D:5      | 4685 ||| Stepping ~*~*~tactically~*~*~ (stealth).
  4702 | D:5      | Reached skill level 1 in Armour
  4727 | D:5      | 4727 ||| FLEEEEING.
  4728 | D:5      | 4728 ||| FLEEEEING.
  4729 | D:5      | 4729 ||| FLEEEEING.
  4730 | D:5      | 4730 ||| FLEEEEING.
  4731 | D:5      | 4731 ||| FLEEEEING.
  4732 | D:5      | 4732 ||| FLEEEEING.
  4733 | D:5      | 4733 ||| STAIRDANCE
  4867 | D:5      | 4867 ||| Stepping ~*~*~tactically~*~*~ (stealth).
  4877 | D:5      | 4877 ||| INVOKING Fiery Armour.
  4877 | D:5      | HP: 12/54 [Pikel/+0 whip of freezing (5)]
  4878 | D:5      | 4878 ||| DRINKING 2 potions of heal wounds.
  4879 | D:5      | Killed Pikel
  4880 | D:5      | Reached skill level 8 in Axes
  4880 | D:5      | Reached XP level 8. HP: 30/60 MP: 9/9
  4895 | D:5      | Found a runed translucent gate.
  4895 | D:5      | Found a runed translucent gate.
  4938 | D:5      | Noticed qw's ghost (novice MiFi)
  4947 | D:5      | Found Ohog's Antique Weapon Emporium.
  4954 | D:5      | 4954 ||| BUYING war axe (101 gold).
  4954 | D:5      | Bought a war axe for 101 gold pieces
  4954 | D:5      | 4954 ||| SWAPPING to +0 war axe.
  4977 | D:5      | Found a runed translucent gate.
  4978 | D:5      | 4978 ||| Stepping ~*~*~tactically~*~*~ (stealth).
  4983 | D:5      | 4983 ||| Stepping ~*~*~tactically~*~*~ (stealth).
  5271 | D:5      | 5271 ||| READING 4 scrolls of identify.
  5271 | D:5      | 5271 ||| IDENTIFYING coppery potion
  5498 | D:6      | 5498 ||| INVOKING Fiery Armour.
  5498 | D:6      | HP: 9/58 [wight/+2 great sword (13)]
  5499 | D:6      | 5499 ||| DRINKING potion of heal wounds.
  5500 | D:6      | Reached skill level 9 in Axes
  5652 | D:6      | 5652 ||| Stepping ~*~*~tactically~*~*~ (stealth).
  5844 | D:6      | 5844 ||| Stepping ~*~*~tactically~*~*~ (stealth).
  5849 | D:6      | Reached skill level 6 in Fighting
  5871 | D:6      | 5871 ||| Stepping ~*~*~tactically~*~*~ (hiding).
  5872 | D:6      | 5872 ||| Stepping ~*~*~tactically~*~*~ (hiding).
  5873 | D:6      | 5873 ||| Stepping ~*~*~tactically~*~*~ (hiding).
  5874 | D:6      | 5874 ||| Stepping ~*~*~tactically~*~*~ (hiding).
  5877 | D:6      | 5877 ||| Stepping ~*~*~tactically~*~*~ (hiding).
  5931 | D:6      | Reached skill level 3 in Armour
  6169 | D:6      | HP: 11/64 [wight/+4 halberd of freezing (11)]
  6169 | D:6      | HP: 3/62 [wight/+4 halberd of freezing (6)]
  6170 | D:6      | 6170 ||| INVOKING Fiery Armour.
  6170 | D:6      | Slain by a wight

Levels and vault maps discovered:
D:1:      dpeg_arrival_erosion, layout_loops_ring,
          shapermc_ecumenical_altar_acropolis, serial_glass, glass_columns_b,
          glass_columns_a, glass_columns_c
D:2:      layout_basic, grunt_ministairs_1
D:3:      layout_basic, nicolae_ru_the_path_less_chosen, minmay_snake_closets
D:4:      layout_loops_cross, mainiacjoe_overflow_cross_hatched,
          mainiacjoe_overflow_paths, minmay_temple_entry_fiery,
          lightli_sewer_entry_pipes
D:5:      layout_rooms, mainiacjoe_overflow_chevrons, dancing_weapons_uskayaw,
          serial_shops, nicolae_diamond_shop, gammafunk_ghost_split, uniq_pikel
D:6:      layout_basic

Skill      XL: |  1  2  3  4  5  6  7  8 |
---------------+-------------------------+-----
Axes           | 3 4 5 6 8 9 |  9.1
Dodging        | 1 |  1.1
Fighting       | 4 6 |  6.0
Armour         | 2 3 |  3.3
Spellcasting   | |  1.0
Fire Magic     | |  2.6

Action                   |  1- 3 |  4- 6 |  7- 9 || total
-------------------------+-------+-------+-------++-------
Melee: Hand axe          |    73 |   120 |    93 ||   286
       Punch             |       |     1 |     3 ||     4
       War axe           |       |       |    66 ||    66
Invok: Fiery Armour      |     1 |     1 |     4 ||     6
  Use: Scroll            |     5 |     6 |     2 ||    13
       Potion            |       |     3 |     2 ||     5
Armor: Leather armour    |     4 |    22 |    12 ||    38
       Robe              |     2 |       |       ||     2
       Chain mail        |       |       |    47 ||    47
Dodge: Dodged            |    34 |    29 |    47 ||   110

Table legend:
 A = Non-vault XP
 B = Vault XP
 C = Vault XP percentage of total XP
 D = Non-vault monster count
 E = Vault monster count
 F = Vault count percentage of total count
                 A         B        C        D         E       F
            +---------+---------+-------+---------+---------+-------
      Total |    1989 |     711 |  26.3 |     109 |      21 |  16.2
            +---------+---------+-------+---------+---------+-------
        D:1 |      20 |       0 |   0.0 |      13 |       0 |   0.0
        D:2 |      77 |       4 |   4.9 |      18 |       2 |  10.0
        D:3 |      40 |      61 |  60.4 |      11 |      10 |  47.6
        D:4 |     481 |      29 |   5.7 |      26 |       8 |  23.5
        D:5 |     567 |     617 |  52.1 |      26 |       1 |   3.7
        D:6 |     804 |       0 |   0.0 |      15 |       0 |   0.0
            +---------+---------+-------+---------+---------+-------
